Spaxys, lawful male human Monk ------- |.....| |.....| |.....| |.<...| -- ----.-- . ## . # .- # .| # .`| # ..| # ...--- -----------|--- |.@... |..............#############@@dW` |.............| --- |.............-##################### |.............| --------------- Spaxys the Novice Experience level: 5 Strength: 15 Dexterity: 15 Constitution: 12 Intelligence: 10 Wisdom: 12 Charisma: 11 Health: 0(34) Energy: 8(26) Def: 6 Gold: 1262 Moves: 1980 Dungeon seed: 5zZfcFhwmHIuy26X Game ID: Spaxys_1454364617 Your Inventory: Coins $ - 1262 gold pieces Armor e - an uncursed +2 pair of leather gloves (being worn) n - an uncursed +1 robe (being worn) Comestibles f - 6 uncursed apples g - 5 uncursed oranges h - 4 uncursed fortune cookies Scrolls b - an uncursed scroll of teleportation j - a blessed scroll of confuse monster o - an uncursed scroll of destroy armor s - a cursed scroll of enchant armor t - a cursed scroll of food detection z - a cursed scroll of magic mapping A - a cursed scroll of identify B - a cursed scroll of remove curse P - an uncursed scroll of magic mapping S - an uncursed scroll of light Spellbooks a - a blessed spellbook of healing m - an uncursed spellbook of wizard lock I - a cursed spellbook of charm monster J - an uncursed spellbook of protection K - a cursed spellbook of force bolt L - a cursed spellbook of extra healing Potions c - 3 uncursed potions of healing l - an uncursed potion of blindness p - an uncursed potion of restore ability u - a cursed potion of levitation v - a cursed potion of gain energy w - a cursed potion of gain ability x - a cursed potion of oil C - a cursed potion of fruit juice D - a cursed potion of confusion E - 2 cursed potions of sleeping O - an uncursed potion of see invisible Q - an uncursed potion of paralysis R - a blessed potion of booze Rings y - a cursed ring of cold resistance F - an uncursed +1 ring of adornment G - a cursed ring of invisibility Wands H - a cursed wand of polymorph (0:6) Tools i - a magic marker (0:79) k - 6 blessed tallow candles (0:200) M - a cursed tooled horn Gems q - an uncursed luckstone Spells and supernatural/magical abilities: Name Level Category Fail Memory h - healing 1 healing 0% 91% W - pray for help -- divine ? -- Your skills at the end: Fighting Skills martial arts [Basic] Weapon Skills Spellcasting Skills healing spells [Basic] Final Attributes: You were piously aligned. You were sleep resistant. You were poison resistant. You saw invisible. You were stealthy. You were fast. You were lucky. You had extra luck. Bad luck did not time out for you. Good luck did not time out for you. You are dead. Vanquished creatures: a ghost a leprechaun an iron piercer a Woodland-elf an orc shaman a shrieker a gnome lord a kobold mummy a golden naga hatchling 2 homunculi 11 hill orcs 4 rothes a giant bat a giant rat 2 cave spiders a yellow mold a gnome zombie 4 jackals a fox 2 kobolds a goblin a sewer rat 2 lichens a kobold zombie 4 newts 48 creatures vanquished. Voluntary challenges: You followed a strict vegan diet. You never hit with a wielded weapon. You read items or engraved 1 time, starting on turn 1980. You never genocided any monsters. You never polymorphed an object. You never changed form. You used no wishes. You never split a pudding. You wrote Elbereth's name 1 time, starting on turn 1980. You never violated your personal moral code. Dungeon overview: The Dungeons of Doom: levels 1 to 7 Level 1 some fountains a long staircase Level 2 a fountain Level 3 some fountains Level 4 Level 5 Level 6 Level 7 <- You were here History has recorded: On T:1 you entered the Dungeons of Doom to retrieve the Amulet of Yendor! On T:166 you reached level 2 of The Dungeons of Doom. On T:404 you reached level 3 of The Dungeons of Doom. On T:481 you advanced to experience level 2. On T:580 you reached level 4 of The Dungeons of Doom. On T:759 you reached level 5 of The Dungeons of Doom. On T:811 you advanced to experience level 3. On T:841 you reached level 6 of The Dungeons of Doom. On T:1087 you advanced to experience level 4. On T:1152 you advanced to experience level 5. On T:1556 you reached level 7 of The Dungeons of Doom. Score breakdown: Gold: 1262 (10549 points) Experience: 5 levels (11141 points) Exploration: 7 levels ( 14.29%) (10606 points) Discoveries: 1 item ( 0.36%) ( 1792 points) Valuables value: (no points given unless you survive) Artifact value: 0 ( 0 points) Variety of kills: 25 monsters ( 6.56%) ( 7684 points) Turncount: 1980 turns ( 0 points) Survival: died (score multiplied by 80%) Total score: 33417 Latest messages: F - a moonstone ring. G - a ruby ring. H - a maple wand. $ - 590 gold pieces. There are many more objects here. You scribble on the ground with a magic marker (0:83). The Woodland-elf swings his runed broadsword. The Woodland-elf hits! You die... Final status: Goodbye Spaxys the Monk, killed by a Woodland-elf... You died in The Dungeons of Doom on dungeon level 7 with 33417 points, and 1262 pieces of gold, after 1980 moves. You were level 5 with a maximum of 34 hit points when you died.